 Dungeon Crawl Stone Soup version 0.29.0-5-ge4962eb29e (webtiles) character file.

Game seed: 86759636449075553

116 SnakkuSnakku7 the Ducker (level 5, -1/35 HPs)
             Began as a Merfolk Air Elementalist on Aug 30, 2022.
             Was a High Priest of Ignis.
             Slain by Dowan
             ... wielding a +0 dagger
              (2 damage)
             ... on level 4 of the Dungeon.
             The game lasted 00:06:22 (6212 turns).

SnakkuSnakku7 the Ducker (Merfolk Air Elementalist) Turns: 6212, Time: 00:06:23

Health: -1/35      AC:  8    Str:  6 (8)  XL:     5   Next: 0%
Magic:  8/8        EV: 11    Int: 13 (15) God:    Ignis [*****.]
Gold:   184        SH:  5    Dex: 14 (16) Spells: 7/8 levels left

rFire   + . .      SeeInvis .   r - +0 sling (venom)
rCold   . . .      Faith    .   (no shield)
rNeg    + . .      Spirit   .   k - +0 ring mail
rPois   .          Reflect  +   p - +1 helmet
rElec   .          Harm     .   (no cloak)
rCorr   .          Rampage  .   (no gloves)
Will    .....                   w - +0 pair of boots
Stlth   +.........              q - amulet of reflection
HPRegen 0.11/turn               l - ring of positive energy
MPRegen 0.11/turn               (no ring)

@: lit by a corona, weak-willed, glowing
A: (nimble swimmer 2), mertail
a: Renounce Religion, Fiery Armour, Foxfire Swarm, Rising Flame


You were on level 4 of the Dungeon.
You worshipped Ignis.
Ignis was extremely pleased with you.
You visited 1 branch of the dungeon, and saw 4 of its levels.

You collected 184 gold pieces.

Inventory:

Hand Weapons
 f - a +0 club
 h - a +0 whip
 r - a +0 sling of venom (weapon)
Missiles
 c - 4 poisoned darts
 m - 2 boomerangs
Armour
 a - a +0 robe
 e - a +0 buckler
 k - a +0 ring mail (worn)
 p - a +1 helmet (worn)
 w - a +0 pair of boots (worn)
Jewellery
 l - a ring of positive energy (left hand)
 q - an amulet of reflection (around neck)
Scrolls
 g - 5 scrolls of identify
 n - a scroll of enchant armour
Potions
 b - a potion of magic
 u - a potion of brilliance
 x - a potion of curing


   Skills:
 + Level 1.5 Ranged Weapons
 - Level 5.9 Dodging
 - Level 2.1 Stealth
 - Level 2.0 Spellcasting
 - Level 0.7 Conjurations
 - Level 2.4 Air Magic


You had 7 spell levels left.
You knew the following spells:

 Your Spells              Type           Power      Damage    Failure   Level
a - Shock                 Conj/Air       20%        1d4       50%         1

Your spell library contained the following spells:

 Spells                   Type           Power      Damage    Failure   Level
 Static Discharge         Conj/Air       5%         3-4/arc   63%         2
 Beastly Appendage        Tmut           2%         N/A       71%         1
 Swiftness                Air            7%         N/A       75%         3
 Wereblood                Tmut           1%         N/A       83%         2
 Spider Form              Tmut/Pois      1%         N/A       97%         3
 Airstrike                Air            3%         2d(1-17)  98%         4


Dungeon Overview and Level Annotations

Branches:
Dungeon (4/15)
 Temple: D:4-7

Altars:
Cheibriados
Hepliaklqana
Kikubaaqudgha
Nemelex Xobeh
The Shining One
Ignis

Annotations:
D:2 1 runed translucent door, exclusion: adder, Crazy Yiuf
D:3 3 runed translucent doors, azobrab's ghost, amateur MeFi
D:4 Dowan; Duvessa


Innate Abilities, Weirdness & Mutations

((You are very nimble when in or above water. (Stealth+, EV+, Speed+++)))
Your lower body shifts to a powerful aquatic tail in water.


Message History

The hobgoblin hits you but does no damage.
You shoot a sling bullet. The sling bullet hits the kobold.
You kill the kobold!
Dowan points at you and mumbles some strange words.
You are outlined in light.
The orc hits you with a +0 hand axe. The goblin misses you.
The goblin hits you but does no damage. The hobgoblin closely misses you.
You block the orc's attack. The goblin hits you but does no damage.
The orc hits you but does no damage. x2
You block the goblin's attack. You block the hobgoblin's attack.
Unknown command.
As you read the scroll labelled CYAH GIVUSIRPH, it crumbles to dust.
Your body is wracked with pain!
The orc convulses!
The orc priest convulses!
Dowan convulses!
The hobgoblin convulses!
The goblin convulses!
The orc convulses! x2; The goblin convulses!
The giant cockroach convulses!
The orc convulses!
The goblin convulses!
It was a scroll of torment.
You block the orc's attack. The orc hits you but does no damage.
The orc closely misses you. The goblin misses you.
You block the goblin's attack. The hobgoblin hits you.
* * * LOW HITPOINT WARNING * * *
As you read the scroll labelled HUNNOTAWES, it crumbles to dust.
It is a scroll of brand weapon.
Your +0 sling drips with poison.
r - a +0 sling of venom (weapon)
Dowan barely misses you. The orc hits you but does no damage.
The orc hits you with a +0 hand axe.
* * * LOW HITPOINT WARNING * * *
You block the goblin's attack.
The hobgoblin hits you but does no damage.
The orc hits you with a +0 hand axe.
* * * LOW HITPOINT WARNING * * *
The goblin hits you but does no damage.
Unknown command.
Unknown command.
The orc attacks as you move away! The orc barely misses you.
The goblin hits you with a +0 dagger.
* * * LOW HITPOINT WARNING * * *
Dowan hits you but does no damage.
Unknown command.
Dowan attacks as you move away! Dowan hits you with a +0 dagger.
You die...

.# . .# #. ..## .## .#
...### ..##.### #
###....## ##...... ..
##........ ##.....##P♣~
#..#......####...o....P~♣
.#.....#....##..@go....♣P
#..#..#...#....geoo......
.....#....?.....g.g.....<
.#.#............o.B$.....
....#)....###............
..#..#..#.# ##...!......#
.#....#...# ##........##
#.e....#..# ##...##....
.....#..#.# ##### ....


You could see Dowan, an orc priest, 4 orcs, a giant cockroach, a hobgoblin and 3
goblins.

Vanquished Creatures
  Robin (D:2)
  An adder (D:2)
  4 worms
  3 dart slugs (D:1)
  7 bats
  5 endoplasms
  3 giant cockroaches
  13 goblins
  8 hobgoblins
  6 jackals
  3 quokkas
  5 ball pythons (D:1)
  3 frilled lizards
  4 kobolds
  4 rats
70 creatures vanquished.

Notes
Turn   | Place    | Note
-------+----------+-------------------------------------------
     0 | D:1      | SnakkuSnakku7 the Merfolk Air Elementalist began the quest
                  | for the Orb.
     0 | D:1      | Reached XP level 1. HP: 13/13 MP: 3/3
    62 | D:1      | Reached skill level 3 in Dodging
   646 | D:1      | Reached XP level 2. HP: 4/19 MP: 1/5
  1305 | D:1      | Reached skill level 4 in Dodging
  1547 | D:1      | Reached XP level 3. HP: 16/24 MP: 6/6
  2279 | D:2      | Found a runed translucent door.
  2280 | D:2      | Noticed Crazy Yiuf
  2328 | D:2      | Reached skill level 5 in Dodging
  3456 | D:2      | Found a faded altar of an unknown god.
  3464 | D:2      | Prayed at the altar of an unknown god.
  3464 | D:2      | Became a worshipper of Ignis, the Dying Flame
  3474 | D:2      | Reached XP level 4. HP: 15/30 MP: 7/7
  3749 | D:2      | Noticed Robin
  3793 | D:2      | Killed Robin
  4317 | D:2      | Reached skill level 1 in Ranged Weapons
  4825 | D:3      | Found a runed translucent gate.
  4825 | D:3      | Noticed azobrab's ghost (amateur MeFi)
  4826 | D:3      | Found a runed translucent gate.
  4826 | D:3      | Found a runed translucent gate.
  4851 | D:3      | Found a sparkling altar of Nemelex Xobeh.
  4857 | D:3      | Found an ancient bone altar of Kikubaaqudgha.
  4858 | D:3      | Found a snail-covered altar of Cheibriados.
  4858 | D:3      | Found a hazy altar of Hepliaklqana.
  5509 | D:3      | Reached XP level 5. HP: 35/35 MP: 8/8
  5795 | D:3      | Found a glowing golden altar of the Shining One.
  5883 | D:3      | HP: 1/35 [poisoned by a scorpion]
  6169 | D:4      | Noticed Dowan
  6171 | D:4      | Noticed Duvessa
  6192 | D:4      | Noticed a phantom
  6211 | D:4      | HP: 1/35 [goblin/+0 dagger (1)]
  6212 | D:4      | Slain by Dowan

Illustrated notes

Levels and vault maps discovered:
D:1:      ncdulo_smallfort, layout_basic, minmay_tree_intersection
D:2:      layout_basic, hellmonk_ecumenical_altar_heavens_door,
          kennysheep_generic_room_13, uniq_robin, uniq_crazy_yiuf_cottage
D:3:      layout_loops_corners, mainiacjoe_overflow_surrounded_room,
          mainiacjoe_overflow_alcove_3, gammafunk_ghost_split
D:4:      layout_rooms, nicolae_ossuary_entry_plus, portal_sewer_entry_d,
          serial_bayou_pond_d, hangedman_decor_opposing, uniq_duvessa

Skill      XL: |  1  2  3  4 |
---------------+-------------+-----
Dodging        | 3 4 5 |  5.9
Ranged Weapons | 1 |  1.5
Stealth        | |  2.1
Spellcasting   | |  2.0
Conjurations   | |  0.7
Air Magic      | |  2.4

Action                   |  1- 3 |  4- 6 || total
-------------------------+-------+-------++-------
Melee: Whip              |   179 |    26 ||   205
       Unarmed           |    13 |       ||    13
       Club              |     1 |       ||     1
       Punch             |     3 |       ||     3
 Fire: Sling             |       |   115 ||   115
 Cast: Shock             |     9 |       ||     9
  Use: Scroll            |       |    10 ||    10
       Potion            |       |     2 ||     2
 Stab: Sleeping          |     8 |       ||     8
Armor: Robe              |    15 |       ||    15
       Ring mail         |    38 |    47 ||    85
Dodge: Dodged            |   147 |    79 ||   226
Block: Other             |       |    21 ||    21
       Reflection        |       |     1 ||     1
